 Dungeon Crawl Stone Soup version 0.31-a0-1042-ga9834b3 (webtiles) character file.

Game seed: 4859323344517827052

4580 PurpleRed the Destroyer (level 10, -2/54 HPs)
             Began as a Deep Elf Fighter on Nov 19, 2023.
             Was a Follower of Vehumet.
             Succumbed to a kobold brigand's poison
             ... in a bailey.
             The game lasted 00:28:02 (7637 turns).

PurpleRed the Destroyer (Deep Elf Fighter)          Turns: 7637, Time: 00:28:02

Health: -2/54      AC:  5    Str: 13    XL:     10   Next: 18%
Magic:  10/26      EV: 11    Int: 18    God:    Vehumet [*.....]
Gold:   427        SH:  0    Dex: 14    Spells: 17/29 levels left

rFire   . . .        a - +0 rapier (spect)
rCold   + . .        D - orb {*channel}
rNeg    . . .        v - +1 robe of Fallacy {rC+}
rPois   .            (no helmet)
rElec   .            (no cloak)
rCorr   .            m - +1 pair of gloves
SInv    +            (no boots)
Will    +....        (no amulet)
Stlth   +            o - ring of see invisible
HPRegen 0.29/turn    (no ring)
MPRegen 0.20/turn

%: channel magic (20%)
@: lethally poisoned (-2 -> -14), on berserk cooldown, slowed, studying Maces &
Flails, very slow
A: no striking features
a: Renounce Religion


You were in a bailey.
You worshipped Vehumet.
Vehumet was aware of your devotion.
You visited 2 branches of the dungeon, and saw 8 of its levels.
You also visited: Bailey.

You collected 427 gold pieces.

Inventory:

Hand Weapons
 a - a +0 spectral rapier (weapon)
 g - a +1 short sword of holy wrath
 u - a +2 spear of venom
 C - a +3 trident of draining
Missiles
 k - 26 boomerangs
 t - 13 poisoned darts (quivered)
 z - 5 curare-tipped darts
 E - 6 javelins
Armour
 b - a +0 scale mail
 c - a +0 buckler
 e - a +1 ring mail of cold resistance
 m - a +1 pair of gloves (worn)
 s - a +0 leather armour
 v - the +1 robe of Fallacy (worn) {rC+}
   (You found it on level 3 of the Dungeon)

   rC+:       It protects you from cold.
 w - a +0 robe
 y - +0 acid dragon scales
 D - an orb of energy (worn)
Jewellery
 o - a ring of see invisible (left hand)
Talismans
 i - a flux talisman
Scrolls
 f - a scroll of vulnerability
 j - a scroll of enchant armour
 l - 5 scrolls of teleportation
 n - 2 scrolls of amnesia
Potions
 d - 6 potions of might
 p - a potion of magic
 q - a potion of brilliance
 A - a potion of mutation {unknown}


   Skills:
 - Level 2.4 Fighting
 - Level 2.0 Short Blades
 - Level 2.4 Armour
 - Level 2.4 Shields
 + Level 10.2 Spellcasting
 * Level 12.7 Conjurations
 - Level 5.0 Earth Magic


You had 17 spell levels left.
You knew the following spells:

 Your Spells              Type           Power      Damage    Failure   Level
a - Sandblast             Erth           54%        2d13      5%          1
b - Stone Arrow           Conj/Erth      82%        3d12      4%          3
c - Brom's Barrelling Bo  Conj/Erth      41%        2d6       8%          4
d - Sticky Flame          Conj/Fire      32%        2d5       16%         4

Your spell library contained the following spells:

 Spells                   Type           Power      Damage    Failure   Level
 Foxfire                  Conj/Fire      100%       2x1d9     3%          1
 Magic Dart               Conj           100%       1d8       1%          1
 Shock                    Conj/Air       100%       1d9       3%          1
 Passwall                 Tmut/Erth      15%        N/A       13%         2
 Mephitic Cloud           Conj/Pois/Air  24%        N/A       13%         3
 Flame Wave               Conj/Fire      32%        2d9       16%         4
 Summon Small Mammal      Summ           36%        N/A       21%         1
 Call Imp                 Summ           18%        N/A       28%         2
 Call Canine Familiar     Summ           9%         N/A       45%         3
 Gell's Gravitas          Tloc           9%         N/A       45%         3
 Inner Flame              Hex/Fire       9%         N/A       45%         3
 Sigil of Binding         Hex            9%         N/A       45%         3
 Summon Guardian Golem    Hex/Summ       9%         N/A       45%         3
 Swiftness                Air            9%         N/A       45%         3
 Teleport Other           Tloc           9%         N/A       45%         3
 Leda's Liquefaction      Hex/Erth       9%         N/A       50%         4
 Airstrike                Air            4%         2d(1-17)  80%         4
 Dimensional Bullseye     Hex/Tloc       4%         N/A       80%         4
 Passage of Golubria      Tloc           9%         N/A       80%         4
 Silence                  Hex/Air        4%         N/A       98%         5
 Dispersal                Tloc           4%         N/A       100%        6
 Lehudib's Crystal Spear  Conj/Erth      20%        10d6      100%        8


Dungeon Overview and Level Annotations

Branches:
Dungeon (7/15)             Temple (1/1) D:4          Bailey (1/1)

Altars:
Cheibriados
Dithmenos
Elyvilon
Gozag
Hepliaklqana
Nemelex Xobeh
Okawaru
Ru
Sif Muna
Trog
Uskayaw
Vehumet
Wu Jian
Xom
Yredelemnul
The Shining One

Shops:
D:1 (

Annotations:
D:4 1 runed translucent door, Crazy Yiuf, Sigmund


Message History

Okay, then.
Aiming: Mindburst
Press: ? - help, Shift-Dir - straight line, f/p - kobold brigand
Aim: a kobold brigand, wielding a +0 war axe, wearing an amulet of regeneration and quivering curare-tipped darts (chance to affect: 64%)
The kobold brigand's mind is blasted!
* * * LOW HITPOINT WARNING * * *
You feel extremely sick.
Aiming: Mindburst
Press: ? - help, Shift-Dir - straight line, f/p - kobold brigand
Aim: a kobold brigand, wielding a +0 war axe, wearing an amulet of regeneration and quivering curare-tipped darts (severely wounded, chance to affect: 64%)
The kobold brigand's mind is blasted!
You blow up the kobold brigand!
Vehumet accepts your kill.
You can now gain magical power from killing.
Vehumet offers you knowledge of Foxfire.
The now-empty wand crumbles to dust.
* * * LOW HITPOINT WARNING * * *
You feel extremely sick.
The kobold brigand throws a poisoned dart.
The poisoned dart misses you.
It was a potion of berserk rage.
A red film seems to cover your vision as you go berserk!
You feel yourself moving faster!
You feel mighty!
* * * LOW HITPOINT WARNING * * *
You feel very sick.
You feel a strong urge to attack something.
* * * LOW HITPOINT WARNING * * *
You feel sick.
The kobold brigand throws a poisoned dart.
The poisoned dart barely misses you.
* * * LOW HITPOINT WARNING * * *
You feel very sick.
The kobold brigand throws a poisoned dart.
The poisoned dart hits you!
You are more poisoned.
You are too berserk!
You feel your anger nearly subside.
You are no longer berserk.
You are exhausted.
You feel as though you will be slow longer.
You die...

#†..# #)..# #†..#
####...####
##~.......~##
#####~~.......~~###
#....~~.......~~...
#.###~~.......~~###
#....~~..)@...~~...
#.###~~....)..~~###
#....~~..)....~~...
#.###~~.......~~###
#....~~..()(..~~...
#.###~~..()...~~###
#....~~..(K...~~..
#####~~.......~~###
##~.......~##


You could see a kobold brigand.

Vanquished Creatures
  2 two-headed ogres (D:6)
  An orc knight (Bailey)
  Jeremiah (D:6)
  Maggie (D:6)
  Prince Ribbit (D:6)
  A wraith (D:5)
  Duvessa (D:5)
  3 orc warriors
  2 ice beasts (D:6)
  An ogre (D:5)
  A phantom (D:5)
  5 kobold brigands (Bailey)
  5 scorpions
  Dowan (D:5)
  A howler monkey (D:5)
  3 electric eels (D:6)
  4 hounds
  An orc priest (D:5)
  A jelly (D:4)
  3 sleepcaps (D:6)
  3 orc wizards
  An iguana (D:6)
  10 adders
  3 worms
  4 dart slugs
  16 orcs
  7 ball pythons
  6 bats
  6 endoplasms
  4 giant cockroaches
  10 goblins
  4 hobgoblins
  3 jackals (D:3)
  17 kobolds
  4 quokkas
  5 frilled lizards
  6 rats
148 creatures vanquished.

Notes
Turn   | Place    | Note
-------+----------+-------------------------------------------
     0 | D:1      | PurpleRed the Deep Elf Fighter began the quest for the Orb.
     0 | D:1      | Reached XP level 1. HP: 13/13 MP: 3/3
    34 | D:1      | Reached skill level 1 in Spellcasting
    83 | D:1      | Reached XP level 2. HP: 18/18 MP: 7/7
   383 | D:1      | Reached XP level 3. HP: 12/22 MP: 10/10
   459 | D:1      | Found Lamoagh's Antique Weapon Shoppe.
   995 | D:2      | Reached skill level 5 in Spellcasting
   995 | D:2      | Reached XP level 4. HP: 19/27 MP: 13/13
  1272 | D:2      | Found a faded altar of an unknown god.
  1714 | D:3      | Reached skill level 1 in Conjurations
  1854 | D:3      | Identified the +1 robe of Fallacy {rC+}
  2101 | D:3      | Learned a level 1 spell: Sandblast
  2105 | D:3      | Learned a level 3 spell: Stone Arrow
  2478 | D:3      | Reached XP level 5. HP: 31/31 MP: 15/15
  2686 | D:4      | Reached skill level 1 in Earth Magic
  2807 | D:4      | Reached skill level 2 in Conjurations
  3349 | D:4      | Found a staircase to the Ecumenical Temple.
  3362 | Temple   | Entered the Ecumenical Temple
  3395 | D:4      | Found a runed translucent door.
  3396 | D:4      | Noticed Crazy Yiuf
  3398 | D:4      | Noticed Sigmund
  3421 | D:5      | Entered Level 5 of the Dungeon
  3511 | D:5      | Noticed an ogre
  3523 | D:5      | Killed an ogre
  3524 | D:5      | Reached skill level 3 in Conjurations
  3524 | D:5      | Reached XP level 6. HP: 36/36 MP: 9/16
  3736 | D:5      | Reached skill level 4 in Conjurations
  3804 | D:5      | Found a shadowy altar of Dithmenos.
  3809 | D:5      | Reached XP level 7. HP: 38/40 MP: 10/17
  3913 | D:5      | Reached skill level 5 in Conjurations
  4171 | D:5      | Found a white marble altar of Elyvilon.
  4208 | D:5      | Noticed Dowan
  4231 | D:5      | Killed Dowan
  4287 | D:5      | Reached skill level 5 in Earth Magic
  4406 | D:5      | Reached skill level 6 in Conjurations
  4495 | D:5      | Noticed Duvessa
  4510 | D:5      | Killed Duvessa
  4686 | D:5      | Found an opulent altar of Gozag.
  4898 | D:6      | Reached skill level 7 in Conjurations
  4898 | D:6      | Reached XP level 8. HP: 45/45 MP: 11/18
  4898 | D:6      | Found a radiant altar of Vehumet.
  4923 | D:6      | Became a worshipper of Vehumet
  5231 | D:6      | Reached skill level 8 in Conjurations
  5447 | D:6      | Noticed a two-headed ogre
  5645 | D:6      | Noticed a two-headed ogre
  5651 | D:6      | Killed a two-headed ogre
  5652 | D:6      | Reached skill level 10 in Conjurations
  5652 | D:6      | Reached XP level 9. HP: 49/49 MP: 7/22
  5749 | D:6      | Noticed Prince Ribbit
  5874 | D:6      | Killed Prince Ribbit
  6000 | D:6      | Found a basalt altar of Yredelemnul.
  6000 | D:6      | Found a bloodstained altar of Trog.
  6499 | D:6      | Noticed Maggie
  6584 | D:6      | Killed Maggie
  6585 | D:6      | Reached skill level 11 in Conjurations
  6671 | D:6      | Found a glowing golden altar of the Shining One.
  6694 | D:6      | Noticed Jeremiah
  6751 | D:6      | Killed Jeremiah
  6774 | D:6      | Learned a level 4 spell: Brom's Barrelling Boulder
  6779 | D:6      | Learned a level 4 spell: Sticky Flame
  6951 | D:6      | Found a sparkling altar of Nemelex Xobeh.
  6967 | D:6      | Found a hide-covered altar of Uskayaw.
  7144 | D:6      | Killed a two-headed ogre
  7145 | D:6      | Reached skill level 12 in Conjurations
  7382 | D:7      | Found a flagged portal.
  7407 | Bailey   | Entered a bailey
  7592 | Bailey   | Reached XP level 10. HP: 54/54 MP: 21/25
  7604 | Bailey   | Noticed an orc knight
  7615 | Bailey   | Killed an orc knight
  7616 | Bailey   | Reached skill level 10 in Spellcasting
  7633 | Bailey   | Reached * piety under Vehumet
  7633 | Bailey   | Offered knowledge of Foxfire by Vehumet.
  7635 | Bailey   | HP: 4/81 [poisoned by a kobold brigand (curare-tipped
                  | dart)]
  7636 | Bailey   | HP: 1/81 [poisoned by a kobold brigand (curare-tipped
                  | dart)]
  7637 | Bailey   | Succumbed to a kobold brigand's poison

Illustrated notes

Levels and vault maps discovered:
D:1:      wander_arrival_desolate, layout_rooms, serial_shops,
          nicolae_shop_waterfront, corexii_hall_statues_s, minmay_octomino_c4
D:2:      layout_basic, hellmonk_ecumenical_altar_inner_sanctum
D:3:      kennysheep_six_static_rooms, layout_loops_corners
D:4:      layout_loops_ring, temple_hall, uniq_crazy_yiuf_cottage, uniq_sigmund
D:5:      layout_basic, mainiacjoe_overflow_chevrons,
          grunt_dithmenos_smoke_and_mirrors, mainiacjoe_overflow_paths,
          minmay_strange_pillars, uniq_duvessa
D:6:      kennysheep_big_flooded_room, layout_layer_cave,
          nicolae_overflow_macrodata_refinement, nicolae_vehumet_radiance,
          nicolae_tso_carved_into_rock, minmay_manual_mess, uniq_prince_ribbit1,
          uniq_jeremiah, uniq_maggie
D:7:      layout_cave_pods, kennysheep_little_box,
          mainiacjoe_overflow_tiny_flanked, mainiacjoe_overflow_boulevard,
          enter_bailey_4
Temple:   hellmonk_temple_two_chambers
Bailey:   bailey_axe_3, bailey

Skill      XL: |  1  2  3  4  5  6  7  8  9 10 |
---------------+-------------------------------+-----
Spellcasting   | 2 3 5 7 9 10 | 10.2
Conjurations   | 1 3 4 7 10 12 | 12.7
Earth Magic    | 3 4 5 |  5.0
Fighting       | |  2.4
Short Blades   | |  2.0
Armour         | |  2.4
Shields        | |  2.4

Action                     |  1- 3 |  4- 6 |  7- 9 | 10-12 || total
---------------------------+-------+-------+-------+-------++-------
  Melee: Rapier            |   151 |   187 |    27 |       ||   365
  Throw: Dart              |       |     1 |     4 |     6 ||    11
   Cast: Stone Arrow       |       |    15 |   108 |    12 ||   135
         Sandblast         |       |     2 |     6 |       ||     8
  Evoke: Wand              |       |       |       |     3 ||     3
    Use: Scroll            |       |    11 |     6 |       ||    17
         Potion            |       |       |     4 |     4 ||     8
 Armour: Ring mail         |   116 |   123 |       |       ||   239
         Scale mail        |     1 |       |       |       ||     1
         Robe              |       |     1 |    48 |     2 ||    51
         Skin              |       |       |    12 |       ||    12
  Dodge: Dodged            |    78 |    81 |    33 |     4 ||   196
  Block: Buckler           |    29 |    41 |    14 |       ||    84

Table legend: (Time is in decaauts)
 A = Elapsed time spent in this place.
 B = Non-inter-level travel time spent in this place.
 C = Inter-level travel time spent in this place.
 D = Time resting spent in this place.
 E = Time spent auto-exploring this place.
 F = Levels seen in this place.
 G = Mean time per level.
                   A        B        C        D        E       F      G
               +--------+--------+--------+--------+--------+-----+--------+
         Total |   7721 |   7519 |    202 |   1005 |   4608 |   9 |  857.9 |
       Dungeon |   7472 |   7270 |    202 |    905 |   4608 |   7 | 1067.4 |
        Temple |      4 |      4 |      0 |      0 |      0 |   1 |    4.0 |
        Bailey |    244 |    244 |      0 |    100 |      0 |   1 |  244.0 |
               +--------+--------+--------+--------+--------+-----+--------+

Top non-repeatable levels by time:
     D:6: 2155 daAuts
     D:5: 1784 daAuts
     D:3: 1136 daAuts
     D:4: 887 daAuts
     D:2: 887 daAuts
     D:1: 557 daAuts
  Bailey: 244 daAuts
     D:7: 63 daAuts
  Temple: 4 daAuts
